 Dungeon Crawl Stone Soup version 0.26-a0-259-g1effd001a9 (webtiles) character file.

Game seed: 6034010816238044647

195 Apogee the Chopper (level 5, -8/47 HPs)
             Began as a Hill Orc Berserker on July 21, 2020.
             Was a Priest of Trog.
             Killed from afar by an orc wizard (9 damage)
             ... with a magic dart
             ... on level 3 of the Dungeon on July 22, 2020.
             The game lasted 00:04:20 (3008 turns).

Apogee the Chopper (Hill Orc Berserker)             Turns: 3008, Time: 00:04:21

Health: -8/47      AC:  7    Str: 21    XL:     5   Next: 74%
Magic:  5/5        EV: 11    Int:  7    God:    Trog [***...]
Gold:   146        SH:  0    Dex: 10    Spells: 4/4 levels left

rFire    . . .     SeeInvis .   s - +0 hand axe
rCold    . . .     Faith    .   (no shield)
rNeg     . . .     Spirit   .   f - +0 ring mail
rPois    .         Reflect  .   (no helmet)
rElec    .         Harm     .   d - +0 cloak
rCorr    .                      q - +0 pair of gloves
MR       .....                  (no boots)
Stlth    ..........             (no amulet)
HPRegen  0.15/turn              (no ring)
MPRegen  0.09/turn              (no ring)

@: lethally poisoned (-8 -> -25), hasted, very quick
A: no striking features
a: Berserk, Trog's Hand, Renounce Religion


You were on level 3 of the Dungeon.
You worshipped Trog.
Trog was most pleased with you.
You were not hungry.

You visited 1 branch of the dungeon, and saw 4 of its levels.

You collected 146 gold pieces.

Inventory:

Hand Weapons
 r - a +0 war axe
 s - a +0 hand axe (weapon)
Missiles
 i - 6 stones (quivered)
Armour
 b - a +0 animal skin
 d - a +0 cloak (worn)
 e - a cursed -2 kite shield
 f - a +0 ring mail (worn)
 q - a +0 pair of gloves (worn)
Jewellery
 k - an uncursed ring of protection from cold
 m - an uncursed amulet of the acrobat {unknown}
Scrolls
 g - 2 scrolls of remove curse {unknown}
 h - 3 scrolls of identify {unknown}
 j - 3 scrolls of teleportation {unknown}
 l - a scroll of noise {unknown}
 n - a scroll of fear {unknown}
 o - a scroll of random uselessness {unknown}
 p - a scroll of blinking {unknown}
 u - a scroll of amnesia {unknown}
 v - a scroll of magic mapping {unknown}
Potions
 a - 2 potions of magic {unknown}
Comestibles
 c - 18 rations


   Skills:
 + Level 4.7 Fighting
 * Level 7.5 Axes
 - Level 2.1 Armour
 - Level 1.5 Dodging


You had 4 spell levels left.
You didn't know any spells.
Your spell library was empty.

Dungeon Overview and Level Annotations

Branches:
Dungeon (4/15)
 Temple: D:4-7

Altars:
Kikubaaqudgha
Ru


Message History

The orc wizard gestures wildly while chanting.
The orc wizard blinks!
The worker ant closely misses you.
The orc wizard gestures at you while chanting.
The magic dart hits you but does no damage.
You hit the worker ant.
You kill the worker ant!
Trog accepts your kill.
You feel sick.
The orc wizard points at you and mumbles some strange words.
The magic dart hits you!
* * * LOW HITPOINT WARNING * * *
It was a potion of haste.
You feel yourself speed up.
* * * LOW HITPOINT WARNING * * *
You feel sick.
The orc wizard gestures at you while chanting.
The magic dart hits you!
* * * LOW HITPOINT WARNING * * *
The orc wizard gestures at you while chanting.
The magic dart hits you!
You die...

.................................
.#.###.#..##.....###...÷..#####.#
.#.#.............................
...###.#..##....##.#.......####.#
...# #..........##...........##.#
...# #.#..###...####.#.#.....##.#
...###.................#.........
..................>..............
...###....o....§@................
...##............................
....+.....................##.##.#
#.###............................
.......#..#.........#....###.##.#
######.#..###.####..#.<..###.##.#
######.#..###.## #..#.....##.##..
...............# #..##..........#
..........###.####..##.##.##.#..#


You could see an orc wizard (fast).

Vanquished Creatures
  A centaur skeleton (D:2)
  A worker ant (D:3)
  6 adders
  An ooze (D:3)
  3 worms
  2 dart slugs (D:1)
  4 leopard geckos
  3 orcs (D:3)
  2 bat zombies (D:2)
  3 giant cockroaches
  7 goblins
  2 hobgoblins
  7 jackals
  9 bats
  9 frilled lizards
  7 kobolds
  4 rats
  2 rat zombies (D:2)
73 creatures vanquished.

Notes
Turn   | Place    | Note
-------+----------+-------------------------------------------
     0 | D:1      | Apogee the Hill Orc Berserker began the quest for the Orb.
     0 | D:1      | Reached XP level 1. HP: 19/19 MP: 1/1
   210 | D:1      | Reached XP level 2. HP: 22/27 MP: 2/2
   585 | D:1      | Reached skill level 5 in Axes
   693 | D:1      | Reached XP level 3. HP: 33/33 MP: 3/3
   911 | D:1      | Found a sacrificial altar of Ru.
  1138 | D:2      | Reached ** piety under Trog
  1170 | D:2      | Reached XP level 4. HP: 37/40 MP: 4/4
  1207 | D:2      | Reached skill level 6 in Axes
  1313 | D:2      | Found an ancient bone altar of Kikubaaqudgha.
  1992 | D:3      | Reached XP level 5. HP: 47/47 MP: 5/5
  2304 | D:3      | Reached skill level 7 in Axes
  2363 | D:3      | Reached *** piety under Trog
  3008 | D:3      | HP: 1/47 [orc wizard/magic dart (8)]
  3008 | D:3      | Killed from afar by an orc wizard

Illustrated notes

Levels and vault maps discovered:
D:1:      dpeg_arrival_water_altar, layout_rooms
D:2:      layout_rooms, lemuel_zombie_altar_kikubaaqudgha, chequers_big_river
D:3:      layout_basic, first_ration, minmay_pentomino_pile
D:4:      layout_cave_pods, grunt_gozag_statues

Skill      XL: |  1  2  3  4  5 |
---------------+----------------+-----
Fighting       | 4 |  4.7
Axes           | 5 6 7 |  7.5
Armour         | |  2.1
Dodging        | |  1.5

Action                   |  1- 3 |  4- 6 || total
-------------------------+-------+-------++-------
Melee: Hand axe          |    97 |   174 ||   271
Invok: Berserk           |     1 |       ||     1
  Use: Potion            |       |     1 ||     1
 Stab: Sleeping          |     1 |       ||     1
  Eat: Ration            |     1 |     1 ||     2
Armor: Animal skin       |    30 |       ||    30
       Ring mail         |    14 |    89 ||   103
Dodge: Dodged            |    56 |    95 ||   151

Table legend:
 A = Non-vault XP
 B = Vault XP
 C = Vault XP percentage of total XP
 D = Non-vault monster count
 E = Vault monster count
 F = Vault count percentage of total count
                 A         B        C        D         E       F
            +---------+---------+-------+---------+---------+-------
      Total |     261 |      18 |   6.5 |      64 |       9 |  12.3
            +---------+---------+-------+---------+---------+-------
        D:1 |      35 |       0 |   0.0 |      21 |       0 |   0.0
        D:2 |     119 |       6 |   4.8 |      22 |       4 |  15.4
        D:3 |     107 |      12 |  10.1 |      21 |       5 |  19.2
            +---------+---------+-------+---------+---------+-------
